 Seeded DCSS version 0.32-a0-450-g080537f31e (webtiles) character file.

Game seed: 6965631656755398118 (custom seed)

6694 CougarLife the Geomancer (level 11, -1/54 HPs)
             Began as a Gargoyle Earth Elementalist on Feb 23, 2024.
             Was an Initiate of Gozag.
             Slain by a wyvern (8 damage)
             ... on level 9 of the Dungeon.
             The game lasted 00:10:50 (9562 turns).

CougarLife the Geomancer (GrEE)                     Turns: 9562, Time: 00:10:51

Health: -1/54      AC: 12    Str: 11    XL:     11   Next: 3%
Magic:  1/23       EV: 11    Int: 21    God:    Gozag
Gold:   1088       SH:  0    Dex: 10    Spells: 23/27 levels left

rFire   + . .        m - +1 dagger (venom)
rCold   . . .        (no shield)
rNeg    + . .        a - +0 robe
rPois   ∞            k - +0 helmet
rElec   +            (no cloak)
rCorr   .            (no gloves)
SInv    .            y - +0 pair of boots
Will    .....        (no amulet)
Stlth   ++           u - +4 ring of slaying
HPRegen 0.29/turn    C - ring of protection from fire
MPRegen 0.18/turn

%: no passive effects
@: no status effects
A: sickness immunity, AC +8, negative energy resistance 1, electricity
resistance, torment resistance 1, petrification resistance
a: Renounce Religion, Potion Petition, Call Merchant, Bribe Branch


You were on level 9 of the Dungeon.
You worshipped Gozag.
Gozag was most pleased with you.
You visited 2 branches of the dungeon, and saw 10 of its levels.

You collected 1195 gold pieces.
You paid 107 gold pieces to Gozag.

Inventory:

Hand Weapons
 m - a +1 dagger of venom (weapon)
Armour
 a - a +0 robe (worn)
 k - a +0 helmet (worn)
 y - a +0 pair of boots (worn)
Jewellery
 u - a +4 ring of slaying (left hand)
 C - a ring of protection from fire (right hand)
Wands
 i - a wand of roots (18)
 n - a wand of mindburst (12)
 v - a wand of flame (20)
 D - a wand of quicksilver (10)
 G - a wand of digging (5)
Scrolls
 c - 2 scrolls of poison {unknown}
 j - 2 scrolls of amnesia {unknown}
 l - 8 scrolls of identify {unknown}
 s - a scroll of noise {unknown}
 w - a scroll of enchant armour {unknown}
 A - a scroll of silence {unknown}
 B - a scroll of fog {unknown}
 E - a scroll of enchant weapon {unknown}
 F - 2 scrolls of teleportation {unknown}
Potions
 b - a potion of magic
 d - 6 potions of enlightenment {unknown}
 e - 2 potions of lignification {unknown}
 g - a potion of heal wounds {unknown}
 h - a potion of resistance {unknown}
 o - 2 potions of attraction {unknown}
 p - 4 potions of curing {unknown}
 q - a potion of invisibility {unknown}
 r - a potion of cancellation {unknown}
 t - 3 potions of haste {unknown}
 x - 2 potions of might {unknown}
 z - a potion of brilliance {unknown}


   Skills:
 - Level 1.5 Dodging
 - Level 2.1 Stealth
 + Level 8.7 Spellcasting
 + Level 10.0 Conjurations
 * Level 3.4 Ice Magic
 * Level 2.8 Air Magic
 - Level 11.0 Earth Magic


You had 23 spell levels left.
You knew the following spells:

 Your Spells              Type           Power      Damage    Failure   Level
a - Sandblast             Erth           100%       2d20      1%          1
b - Stone Arrow           Conj/Erth      100%       3d13      1%          3

Your spell library contained the following spells:

 Spells                   Type           Power      Damage    Failure   Level
 Momentum Strike          Conj/Tloc      60%        3d9       1%          2
 Passwall                 Erth           54%        N/A       1%          3
 Brom's Barrelling Bould  Conj/Erth      52%        2d7       1%          4
 Petrify                  Alch/Erth      32%        N/A       8%          4
 Blink                    Tloc           18%        N/A       11%         2
 Lesser Beckoning         Tloc           18%        N/A       11%         2
 Borgnjor's Vile Clutch   Necr/Erth      16%        N/A       22%         5
 Manifold Assault         Tloc           9%         N/A       58%         4
 Death Channel            Necr           4%         N/A       100%        6
 Dispersal                Tloc           4%         N/A       100%        6
 Disjunction              Tloc           4%         N/A       100%        8
 Animate Dead             Necr           Unusable   N/A       N/A         4

Dungeon Overview and Level Annotations

Branches:
Dungeon (9/15)             Temple (1/1) D:6            Lair (0/5) D:8
    Orc: D:9-12

Altars:
Ashenzari
Cheibriados
Elyvilon
Gozag
Hepliaklqana
Makhleb
Nemelex Xobeh
Okawaru
Ru
Sif Muna
Uskayaw
Xom
Yredelemnul
Zin
The Shining One
Beogh

Shops:
D:1 (!   D:2 *   D:3 [   D:7 *

Portals:
Bailey: D:9

Annotations:
D:3 3 runed translucent doors, jasper's ghost, amateur OnGl


Innate Abilities, Weirdness & Mutations

You are immune to sickness and miasma.
Your stone body is resilient. (AC +8)
You are immune to poison.
You resist negative energy. (rN+)
You are resistant to electric shocks. (rElec)
You are resistant to unholy torment.
You are immune to petrification.


Message History

The wyvern hisses angrily.
Casting: Sandblast (safe; 1% risk of failure)
Confirm with . or Enter, or press ? or * to list all spells.
Aiming: Sandblast (safe; 1% risk of failure)
Press: ? - help, Shift-Dir - straight line, f/p - wyvern
Aim: a wyvern (lightly wounded, 85% to hit)
The blast of sand hits the wyvern!
The wyvern is heavily wounded.
The wyvern completely misses you. The wyvern barely misses you.
You hit the wyvern.
The wyvern is heavily wounded.
The wyvern bites you but does no damage.
A kobold comes into view. It is wielding a +0 short sword.
The kobold brigand hits you with a +3 whip.
The wyvern bites you!
You closely miss the wyvern.
The wyvern is heavily wounded.
The wyvern closely misses you.
A kobold comes into view. It is wielding a +0 dagger.
The kobold brigand barely misses you.
Casting: Sandblast (safe; 1% risk of failure)
Confirm with . or Enter, or press ? or * to list all spells.
Aiming: Sandblast (safe; 1% risk of failure)
Press: ? - help, Shift-Dir - straight line, f/p - wyvern
Aim: a wyvern (heavily wounded, 85% to hit)
The blast of sand hits the wyvern!
The wyvern is severely wounded.
The wyvern bites you!
* * * LOW HITPOINT WARNING * * *
The wyvern completely misses you.
The kobold brigand hits you with a +3 whip.
* * * LOW HITPOINT WARNING * * *
A kobold comes into view. It is wielding a +0 club.
The wyvern bites you but does no damage.
The wyvern attacks as it pursues you! The wyvern barely misses you.
The kobold brigand hits you but does no damage.
The wyvern bites you but does no damage.
The wyvern attacks as it pursues you! The wyvern bites you!
You die...
Your body crumbles into a pile of gold.

..#####..)#......# #.##
#.# #.#...# ..###...#.
#.#####.###.###..#......
#....##.# #...#........
####..[.# ###......#
###########.#$###
........# #####.#.#
..>#@# ###.#k# ##...#.##
#.....KK# ##......K#
.........# #......K.#
#......."#######.
#......$...K..K..


You could see a wyvern, a kobold brigand and 3 kobolds.

Vanquished Creatures
  A two-headed ogre (D:9)
  Pikel (D:7)
  A manticore (D:8)
  A komodo dragon (D:8)
  Prince Ribbit (D:8)
  2 wyverns
  Eustachio (D:5)
  5 yaks
  A basilisk (D:8)
  3 water moccasins
  2 black bears
  3 orc warriors
  4 ogres
  2 centaurs
  3 lemures (D:7)
  2 kobold brigands
  A phantom (D:3)
  2 bullfrogs
  A gnoll sergeant (D:5)
  4 scorpions
  4 wights (D:6)
  8 killer bees (D:9)
  A bombardier beetle (D:3)
  2 jellies
  2 hounds (D:5)
  2 gnoll boudas
  5 orc priests
  Ijyb (D:3)
  Natasha (thrice) (D:2)
  2 iguanas
  9 orc wizards
  Robin (D:2)
  9 gnolls
  11 adders
  A shadow imp (D:7)
  A white imp (D:6)
  2 ufetubi (D:7)
  2 ribbon worms
  A dart slug (D:4)
  29 orcs
  7 ball pythons
  7 endoplasms
  3 giant cockroaches
  10 goblins (D:2)
  7 hobgoblins
  7 jackals
  16 kobolds
  3 quokkas (D:2)
  7 bats
  3 frilled lizards (D:1)
  2 rats (D:1)
209 creatures vanquished.

Notes
Turn   | Place    | Note
-------+----------+-------------------------------------------
     0 | D:1      | CougarLife the Gargoyle Earth Elementalist began the quest
                  | for the Orb.
     0 | D:1      | Reached XP level 1. HP: 10/10 MP: 3/3
    58 | D:1      | Found Ashripp's Weapon Shoppe.
   114 | D:1      | Reached XP level 2. HP: 6/15 MP: 0/5
   325 | D:1      | Reached skill level 4 in Earth Magic
   768 | D:1      | Reached XP level 3. HP: 19/19 MP: 3/6
   840 | D:1      | Found Baxzixzy's Distillery.
  1187 | D:2      | Noticed Natasha
  1191 | D:2      | Killed Natasha
  1192 | D:2      | Reached XP level 4. HP: 22/24 MP: 4/8
  1194 | D:2      | Noticed Natasha
  1200 | D:2      | Killed Natasha
  1313 | D:2      | Noticed Natasha
  1319 | D:2      | Killed Natasha
  1320 | D:2      | Reached XP level 5. HP: 7/28 MP: 5/9
  1683 | D:2      | Found Sozous's Assorted Antiques.
  1760 | D:2      | Noticed Robin
  1797 | D:2      | Reached skill level 5 in Earth Magic
  1864 | D:2      | Killed Robin
  1929 | D:2      | Identified the +2 kite shield of Untold Secrets {Str+4
                  | Int+5 Slay-3 SInv}
  2427 | D:3      | Found a runed translucent gate.
  2434 | D:3      | Found a runed translucent gate.
  2434 | D:3      | Identified the +1 leather armour of Insurance {Rampage
                  | rCorr}
  2434 | D:3      | Noticed jasper's ghost (amateur OnGl)
  2435 | D:3      | Found a runed translucent gate.
  2522 | D:3      | Noticed Ijyb
  2565 | D:3      | Learned a level 3 spell: Stone Arrow
  2571 | D:3      | Killed Ijyb
  2810 | D:3      | Reached XP level 6. HP: 10/32 MP: 1/11
  2973 | D:3      | Found Tiomocil's Antique Armour Boutique.
  3198 | D:3      | Found a roughly hewn altar of Beogh.
  3943 | D:4      | Reached skill level 6 in Earth Magic
  3943 | D:4      | Reached XP level 7. HP: 36/36 MP: 6/13
  4547 | D:5      | Entered Level 5 of the Dungeon
  4640 | D:5      | Reached skill level 5 in Conjurations
  5176 | D:5      | Reached skill level 5 in Spellcasting
  5176 | D:5      | Reached skill level 7 in Earth Magic
  5176 | D:5      | Reached XP level 8. HP: 41/41 MP: 8/15
  5401 | D:5      | Noticed Eustachio
  5412 | D:5      | Killed Eustachio
  5867 | D:6      | Found a staircase to the Ecumenical Temple.
  5876 | Temple   | Entered the Ecumenical Temple
  5890 | Temple   | Became a worshipper of Gozag Ym Sagoz the Greedy
  5939 | D:6      | Reached skill level 8 in Earth Magic
  6227 | D:6      | Found a sparkling altar of Nemelex Xobeh.
  6322 | D:6      | Reached XP level 9. HP: 45/45 MP: 14/18
  7085 | D:7      | Reached skill level 9 in Earth Magic
  7123 | D:7      | Found Acuentuo's Neck Hole.
  7182 | D:7      | Found the +5 woodcutter's axe
  7324 | D:7      | Noticed Pikel
  7355 | D:7      | Killed Pikel
  7988 | D:8      | Reached skill level 10 in Earth Magic
  7995 | D:7      | Reached XP level 10. HP: 50/50 MP: 6/21
  8221 | D:8      | Noticed Prince Ribbit
  8224 | D:8      | Killed Prince Ribbit
  8260 | D:8      | Found a staircase to the Lair.
  8808 | D:8      | Noticed a manticore
  8816 | D:8      | Killed a manticore
  8817 | D:8      | Reached skill level 11 in Earth Magic
  8925 | D:8      | Reached skill level 1 in Ice Magic
  8931 | D:8      | Reached skill level 1 in Air Magic
  9074 | D:8      | Found a hazy altar of Hepliaklqana.
  9536 | D:9      | Found a flagged portal.
  9536 | D:9      | Noticed a two-headed ogre
  9547 | D:9      | Identified a scroll of acquirement
  9547 | D:9      | Acquired the amulet "Jaung" {Reflect Int+3 SH+5}
  9550 | D:9      | Killed a two-headed ogre
  9551 | D:9      | Reached skill level 10 in Conjurations
  9551 | D:9      | Reached XP level 11. HP: 32/54 MP: 1/23
  9562 | D:9      | Slain by a wyvern

Illustrated notes

Levels and vault maps discovered:
D:1:      dpeg_arrival_solitude, layout_loops_corners, serial_shops, shop, shop
D:2:      layout_loops_cross, serial_shops, shop, uniq_natasha, uniq_robin
D:3:      layout_loops_ring, biasface_ghost_orc_armoury, serial_shops,
          nicolae_shop_tiny_real_fake_doors, uniq_ijyb
D:4:      layout_layer_cave, minmay_gold_behind_fungi
D:5:      layout_loops_ring, kennysheep_generic_room_13, uniq_eustachio
D:6:      minmay_spotlight, layout_loops_corners, overflow_temple_1_default,
          minmay_temple_entry_crystal_x
D:7:      layout_rooms, grunt_ministairs_7, nicolae_shop_sticking_my_neck_out,
          uniq_pikel
D:8:      layout_cave_pools, mainiacjoe_overflow_alcove_1, david_lair_shrubbed,
          uniq_prince_ribbit1
D:9:      layout_basic, enter_bailey_5, nicolae_straight_to_the_point, uniq_grum
Temple:   compressed_dpeg_triangle_lava_temple

Skill      XL: |  1  2  3  4  5  6  7  8  9 10 |
---------------+-------------------------------+-----
Earth Magic    | 4 5 6 7 8 10 11 | 11.0
Conjurations   | 2 3 4 5 7 8 10 | 10.0
Spellcasting   | 3 4 5 6 7 8 |  8.7
Ice Magic      | 3 |  3.4
Air Magic      | 2 |  2.8
Dodging        | |  1.5
Stealth        | |  2.1

Action                     |  1- 3 |  4- 6 |  7- 9 | 10-12 || total
---------------------------+-------+-------+-------+-------++-------
  Melee: Short sword       |     7 |    25 |       |       ||    32
         Dagger            |       |     4 |    16 |     5 ||    25
   Cast: Sandblast         |    27 |    82 |   108 |    58 ||   275
         Stone Arrow       |       |     8 |    39 |    34 ||    81
    Use: Scroll            |       |       |       |     1 ||     1
 Armour: Robe              |    11 |    49 |    66 |    48 ||   174
  Dodge: Dodged            |    16 |    40 |    45 |    45 ||   146

Table legend: (Time is in decaauts)
 A = Elapsed time spent in this place.
 B = Non-inter-level travel time spent in this place.
 C = Inter-level travel time spent in this place.
 D = Time resting spent in this place.
 E = Time spent auto-exploring this place.
 F = Levels seen in this place.
 G = Mean time per level.
                   A        B        C        D        E       F      G
               +--------+--------+--------+--------+--------+-----+--------+
         Total |   9710 |   9384 |    326 |   1533 |   6139 |  10 |  971.0 |
       Dungeon |   9682 |   9363 |    319 |   1533 |   6139 |   9 | 1075.8 |
        Temple |     27 |     20 |      7 |      0 |      0 |   1 |   27.0 |
               +--------+--------+--------+--------+--------+-----+--------+

Top non-repeatable levels by time:
     D:6: 1495 daAuts
     D:8: 1226 daAuts
     D:4: 1211 daAuts
     D:2: 1173 daAuts
     D:3: 1132 daAuts
     D:1: 1102 daAuts
     D:5: 1101 daAuts
     D:7: 1068 daAuts
     D:9: 171 daAuts
  Temple: 27 daAuts
